[Event "*** Titled Tuesday Blitz"]
[Site "Chess.com"]
[Date "2020.04.14"]
[Round "5"]
[White "Chigorinetz"]
[Black "SHIVACalypso"]
[Result "1-0"]
[WhiteElo "2454"]
[BlackElo "2253"]
[TimeControl "180+1"]
[EndTime "10:49:51 PDT"]
[Termination "Chigorinetz won by resignation"]

1. e4 e6 2. d4 d5 3. e5 c5 4. c3 Nc6 5. Nf3 Qb6 6. a3 f6 7. Bd3 fxe5 8. dxe5 g6 9. O-O Bg7 10. c4 d4 11. b4 Nxe5 12. Nxe5 Bxe5 13. Nd2 Bg7 14.
Ne4 cxb4 15. c5 Qc7 16. Qf3 Be5 17. axb4 Ne7 18. b5 Nf5 19. b6 Qe7 20. Rxa7 Rb8 21. c6 O-O 22. c7 Bxc7 23. bxc7 Qxc7 24. Ba3 Rd8 25. Rc1 Qb6 26. Bc5 Qb2 27. Raa1 b6 28. Ba3 Qb3 29. Nd2 Qd5 30. Be4 Qd7 31. Nc4 Ba6 32. Ne5 Qg7 33. Nc6 d3 34. Nxb8 d2 35.
Rd1 Rxb8 36. Bxf5 exf5 37. Qb3+ Kh8 38. Bb2 1-0

[Event "*** Titled Tuesday Blitz"]
[Site "Chess.com"]
[Date "2020.04.14"]
[Round "5"]
[White "WiktoriaPOL"]
[Black "talaicito"]
[Result "0-1"]
[WhiteElo "2095"]
[BlackElo "2298"]
[TimeControl "180+1"]
[EndTime "10:49:51 PDT"]
[Termination "talaicito won by resignation"]

1. e4 e6 2. d4 d5 3. Nd2 Nf6 4. e5 Nfd7 5. f4 c5 6. Ndf3 Nc6 7.
c3 Qb6 8. a3 a5 9. b3 Be7 10.
h4 O-O 11. Bd3 f5 12. Ne2 Ndb8 13. Be3 Na6 14. Qc2 Bd7 15. Rg1 Kh8 16. g4 g6 17.
gxf5 gxf5 18. Nc1 Rac8 19. Qg2 Rg8 20. Ng5 Bxg5 21. hxg5 cxd4 22. cxd4 a4 23. b4 Naxb4 24. axb4 Nxb4 25. Ke2 Bb5 26. Rb1 Rxc1 27. Rbxc1 Nxd3 28.
Kf3 Nxc1 29. Rxc1 Bd3 30. Qh3 a3 31. Rh1 Be4+ 0-1

[Event "*** Titled Tuesday Blitz"]
[Site "Chess.com"]
[Date "2020.04.14"]
[Round "5"]
[White "Muguet7"]
[Black "Vesper2018"]
[Result "0-1"]
[WhiteElo "2461"]
[BlackElo "1872"]
[TimeControl "180+1"]
[EndTime "10:49:52 PDT"]
[Termination "Vesper2018 won by resignation"]

1. d4 Nf6 2. c4 g6 3. Nf3 Bg7 4. Nc3 O-O 5. e4 d6 6. h3 e5 7. d5 Nh5 8. Bg5 f6 9. Be3 Qe8 10. g4 Nf4 11. Qd2 f5 12. gxf5 gxf5 13. O-O-O Na6 14. Bxf4 exf4 15. exf5 Bxf5 16. Bd3 Bxd3 17. Qxd3 Nc5 18. Qc2 Qh5 19. Nd4 Rae8 20. b4 Bxd4 21.
Rxd4 Nd7 22. Re4 Ne5 23. Rg1+ Kh8 24. Kb1 Qf5 25. h4 h6 26. Ne2 Nf3 27. Rxe8 Qxc2+ 28.
Kxc2 Rxe8 29. Rg4 Rxe2+ 30. Kd3 Rxf2 31. a3 Ne5+ 0-1

[Event "*** Titled Tuesday Blitz"]
[Site "Chess.com"]
[Date "2020.04.14"]
[Round "5"]
[White "rasmussvane"]
[Black "Riazantsev"]
[Result "1-0"]
[WhiteElo "2876"]
[BlackElo "2637"]
[TimeControl "180+1"]
[EndTime "10:49:54 PDT"]
[Termination "rasmussvane won by resignation"]

1. Nf3 d5 2. g3 Nd7 3. d4 Nb6 4.
Nbd2 Nf6 5. Bg2 Bf5 6. Nh4 Bg4 7.
a4 a5 8. h3 Bh5 9. g4 Bg6 10.
Nxg6 hxg6 11. e4 e6 12. c3 dxe4 13. Nxe4 Nxe4 14. Bxe4 c6 15. Bg2 Bd6 16. O-O Nd5 17. f4 Qc7 18. Qf3 O-O-O 19. Bd2 f5 20. Rae1 Rde8 21.
c4 Nf6 22. c5 Bf8 23. g5 Nd5 24. Re2 Kd7 25. Rfe1 Rh4 26. Qg3 Rxf4 27. Bxf4 Nxf4 28.
Re5 Nd5 29. Bxd5 cxd5 30. Rxd5+ Kc8 31. Qxc7+ Kxc7 32. Rde5 Rd8 33. Rd1 Kd7 34. Kf2 Be7 35. h4 Rc8 36. Kf3 Bd8 37. d5 exd5 38. Rdxd5+ Kc7 39.
Re6 1-0

[Event "*** Titled Tuesday Blitz"]
[Site "Chess.com"]
[Date "2020.04.14"]
[Round "5"]
[White "Arencibia"]
[Black "nickmatta"]
[Result "1-0"]
[WhiteElo "2484"]
[BlackElo "2307"]
[TimeControl "180+1"]
[EndTime "10:49:54 PDT"]
[Termination "Arencibia won by resignation"]

1. d4 d5 2. c4 e6 3. Nc3 Be7 4. cxd5 exd5 5. Bf4 c6 6. Qc2 g6 7. e3 Bf5 8. Qd2 Nf6 9. f3 O-O 10. Nge2 Nbd7 11. g4 Be6 12. Bg2 b5 13. O-O Nb6 14. b3 a5 15. Bh6 Re8 16. Nf4 Bxg4 17. e4 dxe4 18. fxg4 Nxg4 19. Nfe2 f5 20. Bf4 b4 21. Na4 Nd5 22. Rac1 Nxf4 23. Nxf4 Qd6 24. h3 e3 25. Qd3 Bg5 26. Rxc6 Qb8 27. hxg4 Bxf4 28. Rc2 Bh2+ 29. Kh1 Qg3 30. Bxa8 Bg1 31. Bd5+ Kh8 32. Rxg1 Qh3+ 1-0

[Event "*** Titled Tuesday Blitz"]
[Site "Chess.com"]
[Date "2020.04.14"]
[Round "5"]
[White "pitopisback"]
[Black "mattcolins2025"]
[Result "0-1"]
[WhiteElo "2121"]
[BlackElo "2287"]
[TimeControl "180+1"]
[EndTime "10:49:54 PDT"]
[Termination "mattcolins2025 won on time"]

1. d4 Nf6 2. c4 g6 3. Nc3 Bg7 4. e4 d6 5. h3 O-O 6. Bg5 c5 7. d5 h6 8. Be3 e6 9. Bd3 exd5 10. exd5 Nbd7 11. Nf3 Re8 12. Qd2 Ne5 13. Nxe5 Rxe5 14. O-O-O Kh7 15. f4 Re8 16. g4 a6 17. f5 gxf5 18. g5 Ne4 19. Bxe4 fxe4 20. gxh6 Bf6 21. Rdf1 b5 22. Qf2 b4 23. Qxf6 Qxf6 24. Rxf6 bxc3 25. Rg1 cxb2+ 26. Kb1 Rg8 27. Rxf7+ Kh8 28. Bg5 Rg6 0-1

[Event "*** Titled Tuesday Blitz"]
[Site "Chess.com"]
[Date "2020.04.14"]
[Round "5"]
[White "Xeniya2005"]
[Black "Pomegranate988"]
[Result "0-1"]
[WhiteElo "2191"]
[BlackElo "2502"]
[TimeControl "180+1"]
[EndTime "10:49:56 PDT"]
[Termination "Pomegranate988 won on time"]

1. e4 c6 2. d4 d5 3. exd5 cxd5 4. Bd3 Nc6 5. c3 Qc7 6. Ne2 Bg4 7. f3 Bd7 8. Bf4 e5 9. dxe5 Nxe5 10. Bc2 Nf6 11. Bxe5 Qxe5 12. O-O Bd6 13. Ng3 O-O 14. Nd2 Qg5 15. Ne2 Rfe8 16. Nd4 Qh4 17. f4 Bxf4 18. N2f3 Qh6 19. Bf5 Rad8 20. Qc2 Ne4 21. Rae1 Bxf5 22. Nxf5 Qh5 23. N5d4 Ng5 24. Qf2 a6 25. Rxe8+ Rxe8 26. Re1 Ne4 27. Qh4 Qxh4 28. Nxh4 g6 29. Nhf3 Kf8 30.
g3 Bd6 31. Kg2 Nc5 32. Rd1 Na4 33. Rd2 Nb6 34. Kf2 Nc4 35. Rc2 Bc5 36. b3 Ne3 37. Rd2 Nf5 38. g4 Nxd4 39. cxd4 Bd6 0-1

[Event "*** Titled Tuesday Blitz"]
[Site "Chess.com"]
[Date "2020.04.14"]
[Round "5"]
[White "KafkaesqueKnight"]
[Black "Galileo22"]
[Result "0-1"]
[WhiteElo "2133"]
[BlackElo "2334"]
[TimeControl "180+1"]
[EndTime "10:49:56 PDT"]
[Termination "Galileo22 won on time"]

1. d4 Nf6 2. c4 e6 3. Nf3 d5 4.
Nc3 Be7 5. Bf4 O-O 6. e3 b6 7. Bd3 dxc4 8. Bxc4 Bb7 9. O-O a6 10.
a4 Nbd7 11. Qe2 Qb8 12. e4 Rc8 13. Rad1 Nf8 14. d5 exd5 15. exd5 Bd6 16. Bg5 N6d7 17.
Rfe1 Ng6 18. Qd2 Re8 19. Rxe8+ Qxe8 20. Re1 Qf8 21. Qe3 h6 22. Bh4 Bf4 23. Bg3 Bxe3 0-1

[Event "*** Titled Tuesday Blitz"]
[Site "Chess.com"]
[Date "2020.04.14"]
[Round "5"]
[White "gliglu"]
[Black "MateSchmate"]
[Result "0-1"]
[WhiteElo "2380"]
[BlackElo "2566"]
[TimeControl "180+1"]
[EndTime "10:49:57 PDT"]
[Termination "MateSchmate won by checkmate"]

1. d4 c5 2. d5 e5 3. c4 d6 4. e4 g6 5. Nc3 Bg7 6. Bd3 Ne7 7. Nge2 O-O 8. Be3 f5 9. f3 Nd7 10. Qd2 Nf6 11. O-O-O a6 12. Kb1 fxe4 13. fxe4 Ng4 14. h3 Nxe3 15. Qxe3 b5 16. cxb5 axb5 17. Bxb5 Ba6 18. Rhf1 Qa5 19. Rxf8+ Bxf8 20. Qd3 Bxb5 21. Qxb5 Qa7 22. Nc1 Rb8 23. Qe2 Nc8 24. Rf1 Nb6 25.
Nb5 Qd7 26. Nc3 Na4 27. Nxa4 Qxa4 28. Qc2 Qb5 29. Rf3 Qa6 30. Rb3 Ra8 31. Ra3 Qb7 32.
Rxa8 Qxa8 33. a4 Bh6 34. Ne2 Qa5 35. Nc3 Qb4 36. Ka2 c4 37. b3 Be3 38. bxc4 Bd4 39. Nb5 Bc5 40. Qb3 Qd2+ 41. Qb2 Qd3 42. Qc3 Qe2+ 43. Qb2 Qxc4+ 44. Qb3 Qe2+ 45. Qb2 Qxe4 46. Nc3 Qc4+ 47. Qb3 Qf1 48. Qc2 Bd4 49. Ne4 Qa6 50.
h4 Qb7 51. Qc6 Qb2# 0-1

[Event "*** Titled Tuesday Blitz"]
[Site "Chess.com"]
[Date "2020.04.14"]
[Round "5"]
[White "Spring199"]
[Black "TV27"]
[Result "1-0"]
[WhiteElo "2313"]
[BlackElo "2066"]
[TimeControl "180+1"]
[EndTime "10:49:57 PDT"]
[Termination "Spring199 won by resignation"]

1. d4 d6 2. c4 f5 3. Nf3 Nf6 4.
Bg5 e6 5. Nc3 Nbd7 6. e3 h6 7.
Bh4 g5 8. Bg3 Bg7 9. Bd3 Qe7 10.
d5 Nc5 11. dxe6 Bxe6 12. O-O h5 13. Nxg5 h4 14. Bf4 h3 15. Nxh3 Rxh3 16. gxh3 O-O-O 17. Be2 Rh8 18. Bf3 Bxc4 19. Re1 Nd3 20. Qa4 Nxe1 21. Rxe1 Ba6 22. b4 Nd7 23. Nd5 Qf7 24. b5 Rg8 25. Kh1 Nc5 26. Qc4 Qg6 27. bxa6 Nxa6 28.
Ne7+ Kb8 29. Nxg6 1-0

[Event "*** Titled Tuesday Blitz"]
[Site "Chess.com"]
[Date "2020.04.14"]
[Round "5"]
[White "Sanyura"]
[Black "Aemulus20"]
[Result "1-0"]
[WhiteElo "2410"]
[BlackElo "2567"]
[TimeControl "180+1"]
[EndTime "10:49:58 PDT"]
[Termination "Sanyura won by resignation"]

1. e4 c5 2. Nf3 d6 3. d4 cxd4 4. Nxd4 Nf6 5. Nc3 a6 6. h3 e5 7. Nde2 h5 8. Bg5 Be6 9. g3 Nbd7 10. Bg2 Be7 11. a4 Rc8 12. O-O g6 13. Be3 Nc5 14. f4 O-O 15. f5 Bc4 16. Bh6 Qb6 17. Kh2 Rfd8 18. b3 Bxe2 19. Qxe2 Nxb3 20. fxg6 fxg6 21. Rxf6 Bxf6 22. Nd5 Qd4 23. Nxf6+ Kf7 24. Rf1 Nc5 25.
c3 Qd3 26. Nd5+ Ke6 27. Rf6+ Kd7 28. Rf7+ Kc6 29. Nb4+ Kb6 30. Nxd3 1-0

[Event "*** Titled Tuesday Blitz"]
[Site "Chess.com"]
[Date "2020.04.14"]
[Round "5"]
[White "WhiteKnight2612"]
[Black "CroissantNeuf"]
[Result "1-0"]
[WhiteElo "2691"]
[BlackElo "2397"]
[TimeControl "180+1"]
[EndTime "10:49:58 PDT"]
[Termination "WhiteKnight2612 won on time"]

1. g3 d5 2. Bg2 g6 3. Nf3 Nf6 4. O-O Bg7 5. c4 dxc4 6. Na3 Be6 7. Ng5 Bd5 8. e4 Bc6 9. e5 Bxg2 10. Kxg2 Qd5+ 11.
Qf3 Qxf3+ 12. Kxf3 Nfd7 13. e6 Ne5+ 14. Kg2 f5 15. f4 Nd3 16. Nxc4 Nc6 17. Nf7 O-O 18. Rb1 Nd4 19. Ng5 h6 20. Nf3 Nxe6 21. b4 Rad8 22. b5 Nec5 23. Ba3 Rd5 24. Ne3 Rd6 25. Rfc1 Nxc1 26. Bxc5 Nd3 27. Bxd6 exd6 28. Nd5 Rf7 29. Rb3 Nc5 30. Ra3 c6 31. Nb4 Rc7 32. d4 Ne4 33.
Rxa7 cxb5 34. Ra8+ Kh7 35. Rb8 Rc4 36. a3 Rc3 37. Rxb7 Rxa3 38. Ne1 Rb3 39. Nec2 1-0

[Event "*** Titled Tuesday Blitz"]
[Site "Chess.com"]
[Date "2020.04.14"]
[Round "5"]
[White "UmutErdemGunduz"]
[Black "quesfr"]
[Result "1-0"]
[WhiteElo "2374"]
[BlackElo "2207"]
[TimeControl "180+1"]
[EndTime "10:50:00 PDT"]
[Termination "UmutErdemGunduz won on time"]

1. Nf3 d5 2. c4 e6 3. b3 Nf6 4.
Bb2 Be7 5. g3 O-O 6. Bg2 c5 7.
cxd5 Nxd5 8. d4 cxd4 9. Nxd4 Bf6 10. O-O Bd7 11. e4 Nb6 12. e5 Bxe5 13. Bxb7 Nc6 14. Bxa8 Qxa8 15. Qd2 Rd8 16. Nxc6 Bxc6 17. Qe2 Bxb2 18.
Qxb2 Bh1 19. f4 Bc6 20. Nc3 Nd5 21. Rad1 Qb7 22. Nxd5 Bxd5 23. Qd4 Qa6 24. Rd2 g6 25. h4 Rc8 26. h5 gxh5 27. f5 Qd6 28. Kh2 1-0

[Event "*** Titled Tuesday Blitz"]
[Site "Chess.com"]
[Date "2020.04.14"]
[Round "5"]
[White "cassoulet"]
[Black "Grandmaster2B"]
[Result "1-0"]
[WhiteElo "2716"]
[BlackElo "2541"]
[TimeControl "180+1"]
[EndTime "10:50:01 PDT"]
[Termination "cassoulet won on time"]

1. e4 c5 2. Nf3 d6 3. d4 cxd4 4. Nxd4 Nf6 5. Nc3 a6 6. g3 g6 7. Bg2 Bg7 8. O-O O-O 9. h3 Nbd7 10. Bg5 Qc7 11. Qd2 Rb8 12. Bh6 b5 13. Bxg7 Kxg7 14. Rfe1 Ne5 15. Rad1 Bd7 16. f4 Nc4 17. Qc1 e5 18.
Nf5+ gxf5 19. fxe5 Ng8 20. exd6 Nxd6 21. Qf4 Qc5+ 22. Kh2 b4 23. Rd5 Qc4 24. Bf1 Qc7 25. Rxd6 bxc3 26. Rg6+ hxg6 27. Qxc7 cxb2 28. Qxd7 b1=Q 29.
Rxb1 Rxb1 30. Bxa6 fxe4 31. Qd4+ Nf6 32. g4 g5 33. Qe5 Rb6 34. Qxg5+ Kh7 35. Bc4 Rc6 36. Bb3 1-0

[Event "*** Titled Tuesday Blitz"]
[Site "Chess.com"]
[Date "2020.04.14"]
[Round "5"]
[White "xberli"]
[Black "Keaton87"]
[Result "0-1"]
[WhiteElo "2440"]
[BlackElo "2664"]
[TimeControl "180+1"]
[EndTime "10:50:02 PDT"]
[Termination "Keaton87 won by resignation"]

1. e4 c5 2. Nf3 e6 3. d4 cxd4 4. Nxd4 Nc6 5. Nc3 a6 6. Be3 Nf6 7. Nxc6 bxc6 8. e5 Nd5 9. Nxd5 cxd5 10. Bd3 d6 11. exd6 Bxd6 12. O-O O-O 13. Rc1 e5 14. c4 d4 15. Bd2 Be6 16. c5 Bc7 17. b4 Bxa2 18.
Ra1 Bd5 19. Bxa6 e4 20. Qh5 f5 21. Bg5 Qd7 22. Rfd1 d3 23. b5 f4 24. b6 Be5 25. Ra5 Bb3 26. Bb5 Bxd1 27. Qxd1 Qd5 28.
Ra4 Qxc5 29. Bc4+ Kh8 30. b7 Rxa4 31. Qxa4 d2 32. h4 h6 0-1

[Event "*** Titled Tuesday Blitz"]
[Site "Chess.com"]
[Date "2020.04.14"]
[Round "5"]
[White "MartinMatthiesen"]
[Black "chessintuit"]
[Result "0-1"]
[WhiteElo "2422"]
[BlackElo "2613"]
[TimeControl "180+1"]
[EndTime "10:50:02 PDT"]
[Termination "chessintuit won by resignation"]

1. d4 d5 2. c4 dxc4 3. Nf3 Nf6 4. e3 Bg4 5. Bxc4 e6 6. h3 Bh5 7. Qb3 Bxf3 8. gxf3 b6 9. f4 Nbd7 10. Nd2 c5 11. Nf3 cxd4 12. Nxd4 Bc5 13. f5 Bxd4 14.
fxe6 fxe6 15. exd4 O-O 16. Bxe6+ Kh8 17. O-O Nh5 18.
Qd5 Nhf6 19. Qg2 Qe7 20. Bb3 Qd6 21. Be3 Rae8 22. Rac1 Ne4 23. Bc2 Ndf6 24. Bd3 Re7 25. Rfe1 Rfe8 26. Bb5 Rf8 27. Bc6 Nd5 28. Ba4 Nxe3 29.
fxe3 Re6 30. Rc6 Qe7 31. Rxe6 Qxe6 32. Bb3 Qe7 33. Rf1 Rxf1+ 34. Qxf1 Qg5+ 35. Kh2 Qg3+ 0-1

[Event "*** Titled Tuesday Blitz"]
[Site "Chess.com"]
[Date "2020.04.14"]
[Round "5"]
[White "Incognito_Knight"]
[Black "ChessicallyInclined"]
[Result "1/2-1/2"]
[WhiteElo "2753"]
[BlackElo "2591"]
[TimeControl "180+1"]
[EndTime "10:50:03 PDT"]
[Termination "Game drawn by repetition"]

1. d4 Nf6 2. c4 e6 3. g3 Bb4+ 4. Bd2 Be7 5. Bg2 d5 6. Nf3 O-O 7. O-O c6 8. Qc2 Nbd7 9. Rd1 b6 10. b3 Ba6 11. Bc1 Rc8 12. Bb2 c5 13. Nbd2 cxd4 14.
Nxd4 b5 15. e4 bxc4 16. bxc4 dxc4 17. Bc3 Nc5 18. e5 Nd5 19. Ne4 Nd3 20. Rab1 Qd7 21. Ba1 Rb8 22. Nd2 N5b4 23. Qc3 Nxa2 24. Qa5 Nab4 25.
Bc3 Bd8 26. Qa3 Be7 27. Qa5 Bd8 28. Qa3 Be7 29. Qa5 1/2-1/2

[Event "*** Titled Tuesday Blitz"]
[Site "Chess.com"]
[Date "2020.04.14"]
[Round "5"]
[White "731291"]
[Black "TheBigBoss04"]
[Result "1-0"]
[WhiteElo "2611"]
[BlackElo "2759"]
[TimeControl "180+1"]
[EndTime "10:50:04 PDT"]
[Termination "731291 won on time"]

1. d4 Nf6 2. Nf3 d5 3. c4 e6 4. g3 dxc4 5. Bg2 a6 6. a4 Nc6 7. O-O Rb8 8. Bg5 b5 9. axb5 axb5 10.
Nc3 Be7 11. Ne5 Nxe5 12. dxe5 Nd7 13. Bxe7 Qxe7 14. Bc6 O-O 15. Qd4 b4 16. Ne4 Nb6 17. Rfd1 Bb7 18. Bxb7 Rxb7 19. Nf6+ Kh8 20. Nxh7 Rfb8 21.
Nf6 gxf6 22. exf6 Qf8 23. Qh4+ Kg8 24. Rd4 1-0

[Event "*** Titled Tuesday Blitz"]
[Site "Chess.com"]
[Date "2020.04.14"]
[Round "5"]
[White "iLuusions"]
[Black "ajian"]
[Result "0-1"]
[WhiteElo "2545"]
[BlackElo "2383"]
[TimeControl "180+1"]
[EndTime "10:50:04 PDT"]
[Termination "ajian won by resignation"]

1. d4 Nf6 2. c4 e6 3. Nf3 d5 4.
g3 dxc4 5. Bg2 a6 6. O-O b5 7. a4 Bb7 8. Nc3 b4 9. Nb1 Nbd7 10. Nbd2 c3 11. bxc3 bxc3 12. Nb3 c5 13. Qd3 Be4 14.
Qxc3 Rc8 15. Bg5 Be7 16. dxc5 h6 17. Bf4 Nxc5 18. Nxc5 Bxc5 19. Qe5 O-O 20. Rad1 Qe7 21. g4 Rfd8 22. g5 Rxd1 23. Rxd1 Ng4 24. Qxe4 Nxf2 25.
Qb1 Nxd1+ 26. Kf1 Ne3+ 0-1

[Event "*** Titled Tuesday Blitz"]
[Site "Chess.com"]
[Date "2020.04.14"]
[Round "5"]
[White "Algeriano22"]
[Black "MathiasWomacka"]
[Result "0-1"]
[WhiteElo "2602"]
[BlackElo "2440"]
[TimeControl "180+1"]
[EndTime "10:50:05 PDT"]
[Termination "MathiasWomacka won by resignation"]

1. e4 c5 2. Nf3 d6 3. d4 cxd4 4. Qxd4 Nc6 5. Bb5 Bd7 6. Bxc6 Bxc6 7. Nc3 Nf6 8. Bg5 e6 9. Qd3 Be7 10. Nd4 Qa5 11. Bd2 Qc7 12. O-O-O O-O 13. f4 Rfc8 14. Kb1 b5 15. Ndxb5 Qb7 16. e5 dxe5 17. fxe5 Ne4 18. Nd6 Bxd6 19. exd6 Nf2 20. Qg3 Nxh1 21. Rxh1 Be4 22.
Qe5 Bg6 23. h4 h5 24. Rd1 Rab8 25. b3 Qxg2 26. Kb2 Rb7 27. Qd4 Rd7 28. Rg1 Qh2 29.
Bf4 Qxc2+ 0-1

[Event "*** Titled Tuesday Blitz"]
[Site "Chess.com"]
[Date "2020.04.14"]
[Round "5"]
[White "LuisFSiles"]
[Black "Mikhail_Golubev"]
[Result "0-1"]
[WhiteElo "2309"]
[BlackElo "2515"]
[TimeControl "180+1"]
[EndTime "10:50:05 PDT"]
[Termination "Mikhail_Golubev won by resignation"]

1. e4 c5 2. Nf3 d6 3. d4 Nf6 4. Nc3 cxd4 5. Nxd4 Nc6 6. Bg5 e6 7. Qd2 a6 8. f3 Be7 9. O-O-O Bd7 10. g4 Nxd4 11.
Qxd4 Rc8 12. h4 O-O 13. Kb1 Qa5 14. Bd2 Qc5 15. Qxc5 Rxc5 16. Bf4 e5 17. Bg5 Be6 18. Bxf6 gxf6 19. Nd5 Bxd5 20. Rxd5 Rxd5 21. exd5 f5 22. gxf5 Kg7 23. Be2 Kf6 24. Bd3 Rg8 25. Be4 Bf8 26.
c4 Bh6 27. b4 Be3 28. Kc2 Rg2+ 29. Kd3 Ba7 30. a4 Rb2 31. b5 a5 32. Rg1 Bxg1 0-1

[Event "*** Titled Tuesday Blitz"]
[Site "Chess.com"]
[Date "2020.04.14"]
[Round "5"]
[White "dusanacns"]
[Black "Superfelix"]
[Result "1-0"]
[WhiteElo "2789"]
[BlackElo "2544"]
[TimeControl "180+1"]
[EndTime "10:50:06 PDT"]
[Termination "dusanacns won by resignation"]

1. e4 c6 2. d4 g6 3. Nc3 d5 4. Nf3 dxe4 5. Nxe4 Nf6 6. Nxf6+ exf6 7. Be2 Bg7 8. O-O O-O 9. Be3 a5 10. c4 Na6 11. Qd2 Nc7 12. Rac1 Be6 13. Rfd1 Re8 14. b3 Qd7 15. h3 h5 16. Bf4 a4 17. d5 Bf5 18. dxc6 Qxc6 19. Nd4 Qc5 20. Nxf5 gxf5 21. Bd6 Rxe2 22. Qxe2 Qc6 23. Bxc7 Qxc7 24. Qxh5 axb3 25. axb3 Qb6 26. Rd7 Rf8 27. Qf3 Re8 28. Rxb7 Qd4 29. Rd1 Qb2 30. Rbd7 Bf8 31. Rd8 Rxd8 32. Rxd8 Qa3 33.
Qxf5 Kg7 34. Qg4+ Kh8 35. Rd5 f5 36. Rxf5 Bg7 37. Qh5+ Kg8 38. Qxf7+ 1-0

[Event "*** Titled Tuesday Blitz"]
[Site "Chess.com"]
[Date "2020.04.14"]
[Round "5"]
[White "djogrodek1"]
[Black "anon132639"]
[Result "1-0"]
[WhiteElo "2571"]
[BlackElo "2706"]
[TimeControl "180+1"]
[EndTime "10:50:06 PDT"]
[Termination "djogrodek1 won by checkmate"]

1. c4 g6 2. Nc3 Bg7 3. d4 Nf6 4. e4 O-O 5. h3 d6 6. Be3 e5 7. d5 a5 8. g4 Na6 9. Nge2 Nd7 10. Ng3 Ndc5 11. Qd2 c6 12. f3 cxd5 13. cxd5 Bd7 14. h4 Bf6 15. g5 Be7 16. h5 Kg7 17.
O-O-O a4 18. Kb1 b5 19. Bh3 b4 20. Nce2 Bb5 21. Nc1 Rc8 22. Bxc8 Qxc8 23. hxg6 hxg6 24. Rh7+ Kxh7 25. Qh2+ Kg8 26. Rh1 f5 27. Qh7# 1-0

[Event "*** Titled Tuesday Blitz"]
[Site "Chess.com"]
[Date "2020.04.14"]
[Round "5"]
[White "Fy_Rakotomaharo"]
[Black "DishonorOnYourCow"]
[Result "0-1"]
[WhiteElo "2539"]
[BlackElo "2275"]
[TimeControl "180+1"]
[EndTime "10:50:06 PDT"]
[Termination "DishonorOnYourCow won by resignation"]

1. e4 e5 2. Nf3 Nc6 3. Bb5 Nf6 4.
O-O Nxe4 5. Re1 Nd6 6. Nxe5 Be7 7. Bf1 Nf5 8. Nf3 O-O 9. d4 d5 10. g3 Nd6 11. Ne5 Ne4 12. f3 Nxe5 13. dxe5 Bc5+ 14.
Be3 Bxe3+ 15. Rxe3 Nc5 16. c3 Re8 17. Bg2 Bf5 18.
g4 Bg6 19. f4 Be4 20. Nd2 Bxg2 21. Kxg2 d4 22. Rf3 dxc3 23. bxc3 Qd7 24. h3 Rad8 25.
Qe2 Qxd2 0-1

[Event "*** Titled Tuesday Blitz"]
[Site "Chess.com"]
[Date "2020.04.14"]
[Round "5"]
[White "GadimbayliA"]
[Black "Kobalia"]
[Result "1-0"]
[WhiteElo "2901"]
[BlackElo "2665"]
[TimeControl "180+1"]
[EndTime "10:50:08 PDT"]
[Termination "GadimbayliA won by resignation"]

1. e4 c6 2. Nf3 d5 3. exd5 cxd5 4. d4 Nc6 5. Ne5 e6 6. Bb5 Qc7 7. Bf4 Bd6 8. Qg4 g6 9. Qg3 Bd7 10. Nxg6 Bxf4 11. Nxf4 Nxd4 12. Bxd7+ Kxd7 13. Na3 Ne7 14. Nd3 Nef5 15. Qh3 h5 16. O-O-O b5 17. Kb1 b4 18.
Nxb4 a5 19. Nxd5 Qb7 20. Ne3 Ke7 21. Rxd4 Rhb8 22. Nac4 Nxd4 23. Qh4+ Kf8 24. Qxd4 a4 25. a3 Ra6 26. Rd1 Rc6 27. Na5 1-0

[Event "*** Titled Tuesday Blitz"]
[Site "Chess.com"]
[Date "2020.04.14"]
[Round "5"]
[White "MilanovicDan"]
[Black "VishnuPrasanna"]
[Result "0-1"]
[WhiteElo "2421"]
[BlackElo "2688"]
[TimeControl "180+1"]
[EndTime "10:50:08 PDT"]
[Termination "VishnuPrasanna won by resignation"]

1. d4 Nf6 2. c4 e6 3. Nc3 d5 4. cxd5 exd5 5. Bg5 c6 6. e3 Be7 7. Bd3 Nbd7 8. Nge2 O-O 9. Qc2 Re8 10. O-O Nf8 11.
f3 g6 12. Bh4 Ne6 13. Rad1 b6 14. Kh1 Bb7 15. Bf2 Rc8 16. e4 c5 17. Bb5 Rf8 18.
e5 Nh5 19. Qd2 Bg5 20. Be3 Bxe3 21. Qxe3 Nhg7 22. Bd3 cxd4 23. Nxd4 Nxd4 24. Qxd4 Ne6 25. Qg4 d4 26. Ne2 f5 27. exf6 Qxf6 28. f4 Nc5 29. Bc4+ Kh8 30. b3 Rcd8 31. Nc1 Ne4 32. Nd3 Rde8 33. Ne5 Rxe5 34. fxe5 Qxf1+ 0-1

[Event "*** Titled Tuesday Blitz"]
[Site "Chess.com"]
[Date "2020.04.14"]
[Round "5"]
[White "fugadelafuga"]
[Black "sganerdene"]
[Result "1/2-1/2"]
[WhiteElo "2393"]
[BlackElo "2678"]
[TimeControl "180+1"]
[EndTime "10:50:08 PDT"]
[Termination "Game drawn by repetition"]

1. e4 c5 2. Nf3 e6 3. d4 cxd4 4. Nxd4 Nc6 5. Nc3 d6 6. Be3 Nf6 7. g4 h6 8. h3 Bd7 9. Bg2 Nxd4 10. Qxd4 Bc6 11. f4 Qa5 12. O-O-O Ke7 13. Qxd6+ Ke8 14. Qd4 Bb4 15. e5 Bxg2 16. exf6 Bxc3 17. Qd7+ Kf8 18.
bxc3 gxf6 19. Rhg1 Bd5 20. Qd6+ Ke8 21. Bc5 Qd8 22.
Qxd8+ Rxd8 23. Bd4 Ke7 24. Bc5+ Ke8 25. Bd4 Ke7 26. Bc5+ Ke8 1/2-1/2

[Event "*** Titled Tuesday Blitz"]
[Site "Chess.com"]
[Date "2020.04.14"]
[Round "5"]
[White "TST2014"]
[Black "marianokar"]
[Result "1-0"]
[WhiteElo "2539"]
[BlackElo "2366"]
[TimeControl "180+1"]
[EndTime "10:50:08 PDT"]
[Termination "TST2014 won by resignation"]

1. d4 Nf6 2. c4 e6 3. Nf3 b6 4. a3 d5 5. Nc3 Be7 6. cxd5 exd5 7. g3 O-O 8. Bg2 Bb7 9. O-O Nbd7 10. Bf4 a6 11. b4 c5 12. bxc5 bxc5 13. Rb1 Qc8 14.
Bh3 cxd4 15. Nxd4 Ra7 16. Qb3 Nc5 17. Bxc8 Nxb3 18. Bxb7 Nxd4 19. Bxd5 Rc8 20. Be3 Rxc3 21. Bxd4 Rxa3 1-0

[Event "*** Titled Tuesday Blitz"]
[Site "Chess.com"]
[Date "2020.04.14"]
[Round "5"]
[White "White_Ghost"]
[Black "SanQui14"]
[Result "0-1"]
[WhiteElo "2474"]
[BlackElo "2332"]
[TimeControl "180+1"]
[EndTime "10:50:08 PDT"]
[Termination "SanQui14 won by checkmate"]

1. d4 Nf6 2. c4 e6 3. Nf3 c5 4. d5 b5 5. Bf4 d6 6. dxe6 fxe6 7. e3 bxc4 8. Bxc4 Be7 9. Ng5 d5 10. Bb5+ Bd7 11. Nxe6 Qa5+ 12. Nc3 Bxb5 13. Nc7+ Kf7 14. Nxb5 Nc6 15. O-O Rac8 16. Nd6+ Bxd6 17. Bxd6 Rhd8 18.
Bg3 Kg8 19. Bh4 d4 20. Bxf6 gxf6 21. Qg4+ Kf7 22. Ne4 Ne5 23. Nd6+ Rxd6 24. Qxc8 c4 25. exd4 Rxd4 26. Rad1 Rd3 27. Qb7+ Kg6 28. Qe4+ Kf7 29.
Qxh7+ Ke6 30. Rxd3 cxd3 31. Rd1 Qa4 32. Qg8+ Kf5 33.
Qc8+ Kg6 34. Qc1 Qg4 35. Qe3 Qxd1+ 36. Qe1 Qxe1# 0-1

[Event "*** Titled Tuesday Blitz"]
[Site "Chess.com"]
[Date "2020.04.14"]
[Round "5"]
[White "manuellarrea"]
[Black "Barbus89"]
[Result "1-0"]
[WhiteElo "2119"]
[BlackElo "2309"]
[TimeControl "180+1"]
[EndTime "10:50:09 PDT"]
[Termination "manuellarrea won by resignation"]

1. e4 d5 2. exd5 Nf6 3. c4 c6 4. d4 cxd5 5. Nc3 g6 6. cxd5 Bg7 7. Bb5+ Nbd7 8. d6 O-O 9. dxe7 Qxe7+ 10. Nge2 a6 11.
Bd3 b5 12. O-O Bb7 13. Bg5 Nb6 14. a3 Rac8 15. Rc1 Nc4 16. Qc2 Ba8 17. Rfe1 Qb7 18.
f3 Nd5 19. Be4 Qc6 20. Nxd5 Qd6 21. Ne7+ Kh8 22. Nxc8 Bxd4+ 23. Nxd4 Qxd4+ 24. Kh1 Rxc8 25. Bxa8 Rxa8 26. Rcd1 Qb6 27. b3 f6 28. bxc4 fxg5 29.
Qc3+ Kg8 30. Re7 1-0